 Dungeon Crawl Stone Soup version 0.27-a0-543-gd81048afd2 (webtiles) character file.

Game seed: 15459094602977324065

33 ReteAZ the Firebug (level 3, -3/21 HPs)
             Began as an Octopode Fire Elementalist on Mar 7, 2021.
             Slain by a centaur (4 damage)
             ... on level 3 of the Dungeon.
             The game lasted 00:01:48 (1674 turns).

ReteAZ the Firebug (Octopode Fire Elementalist)     Turns: 1674, Time: 00:01:49

Health: -3/21      AC:  1    Str:  7    XL:     3   Next: 29%
Magic:  0/6        EV: 13    Int: 18    God:
Gold:   99         SH:  0    Dex: 18    Spells: 5/6 levels left

rFire    . . .     SeeInvis .   (no weapon)
rCold    . . .     Faith    .   (no shield)
rNeg     . . .     Spirit   .   (helmet restricted)
rPois    .         Reflect  .   (no amulet)
rElec    .         Harm     .   g - +6 ring of dexterity
rCorr    .         Rampage  .   (no ring)
Will     .....                  (no ring)
Stlth    +++.......             (no ring)
HPRegen  0.07/turn              (no ring)
MPRegen  0.10/turn              (no ring)
                                (no ring)
                                (no ring)

@: lethally poisoned (-3 -> -19)
A: almost no armour, amphibious, 8 rings, constrict 8, camouflage 1, gelatinous
body 1, nimble swimmer 1
a: no special abilities


You were on level 3 of the Dungeon.
You visited 1 branch of the dungeon, and saw 3 of its levels.

You collected 99 gold pieces.

Inventory:

Jewellery
 g - a +6 ring of dexterity (left tentacle)
Wands
 i - a wand of digging (8)
Scrolls
 a - 2 scrolls of teleportation {unknown}
 b - 2 scrolls of amnesia {unknown}
 c - a scroll of magic mapping {unknown}
 e - 2 scrolls of identify {unknown}
Potions
 d - a potion of degeneration {unknown}
 f - a potion of attraction {unknown}
 h - a potion of heal wounds {unknown}


   Skills:
 - Level 2.0 Dodging
 - Level 2.6 Stealth
 + Level 2.3 Spellcasting
 + Level 1.7 Conjurations
 * Level 3.7 Fire Magic


You had 5 spell levels left.
You knew the following spells:

 Your Spells              Type           Power      Damage    Failure   Level
a - Foxfire               Conj/Fire      44%        2x1d6     6%          1

Your spell library contained the following spells:

 Spells                   Type           Power      Damage    Failure   Level
 Conjure Flame            Conj/Fire      11%        6-21      17%         3
 Inner Flame              Hex/Fire       8%         N/A       24%         3
 Sticky Flame             Conj/Fire      11%        2d3       50%         4
 Fireball                 Conj/Fire      5%         3d5       85%         5


Dungeon Overview and Level Annotations

Branches:
Dungeon (3/15)

Altars:


Innate Abilities, Weirdness & Mutations

You cannot wear most types of armour.
You are amphibious.
You can wear up to eight rings at the same time.
You can use your tentacles to constrict eight enemies at once.
Your skin changes colour to match your surroundings (Stealth+).
Your rubbery body absorbs attacks. (AC +1, EV +1)
You are stealthy while swimming. (Stealth+)


Message History

The centaur closely misses you.
You conjure some foxfire!
The foxfire hits the centaur but does no damage.
The centaur is moderately wounded.
The foxfire hits the centaur but does no damage.
The centaur is moderately wounded.
The centaur hits you.
The kobold throws a poisoned dart.
The poisoned dart closely misses you.
The poisoned dart closely misses your foxfire.
The centaur barely misses you.
You conjure some foxfire!
The foxfire hits the centaur.
The centaur is moderately wounded.
The foxfire hits the centaur.
The centaur is heavily wounded.
The centaur closely misses you.
The kobold throws a poisoned dart.
The poisoned dart hits you!
You are lethally poisoned!
You conjure some foxfire!
You feel sick.
The foxfire hits the centaur but does no damage.
The centaur is heavily wounded.
The centaur hits you!
* * * LOW HITPOINT WARNING * * *
The foxfire hits the centaur but does no damage.
The centaur is heavily wounded.
The centaur closely misses you.
You tentacle-slap the centaur.
The centaur is heavily wounded.
* * * LOW HITPOINT WARNING * * *
You feel sick.
The foxfire hits the centaur.
The centaur is severely wounded.
The foxfire hits the kobold.
The kobold is severely wounded.
The centaur closely misses you.
The kobold throws a poisoned dart.
The poisoned dart hits you!
You are more poisoned.
You closely miss the centaur.
The centaur is severely wounded.
* * * LOW HITPOINT WARNING * * *
You feel sick. The centaur hits you.
You die...

######### ###
####.......# ..
......c....# .#
.......@...# #######.##
...........###........#.
.....K.....'............
...........###.##<......
.....####### #...#......
..... ###.#.##... ....
##### ##. ....


You could see a centaur and a kobold.

Vanquished Creatures
  An adder (D:2)
  A leopard gecko (D:2)
  A giant cockroach (D:3)
  5 goblins
  2 hobgoblins (D:1)
  4 bats
  3 frilled lizards
  3 kobolds
  2 rats (D:1)
22 creatures vanquished.

Vanquished Creatures (others)
  86 foxfires
86 creatures vanquished.

Grand Total: 108 creatures vanquished

Notes
Turn   | Place    | Note
-------+----------+-------------------------------------------
     0 | D:1      | ReteAZ the Octopode Fire Elementalist began the quest for
                  | the Orb.
     0 | D:1      | Reached XP level 1. HP: 11/11 MP: 3/3
   437 | D:1      | Reached XP level 2. HP: 17/17 MP: 3/5
  1426 | D:2      | Reached XP level 3. HP: 19/21 MP: 2/6
  1661 | D:3      | Noticed a centaur
  1674 | D:3      | HP: 1/21 [poisoned by a kobold]
  1674 | D:3      | Slain by a centaur

Illustrated notes

Levels and vault maps discovered:
D:1:      sevenhm_arrival_forest_fort_small_6, layout_rooms, minmay_tetromino_i2
D:2:      layout_basic, minmay_misc_feat_secret_circle
D:3:      layout_basic, serial_curves, eino_curves_03, eino_curves_02,
          eino_curves_03, eino_curves_04, uniq_sigmund

Action                   || total
-------------------------++-------
Melee: Unarmed           ||    19
       Constrict         ||     3
       Tentacles         ||     2
 Cast: Foxfire           ||    49
Armor: Skin              ||     8
Dodge: Dodged            ||    40

Table legend: (Time is in decaauts)
 A = Elapsed time spent in this place.
 B = Non-inter-level travel time spent in this place.
 C = Inter-level travel time spent in this place.
 D = Time resting spent in this place.
 E = Time spent auto-exploring this place.
 F = Levels seen in this place.
 G = Mean time per level.
                   A        B        C        D        E       F      G
               +--------+--------+--------+--------+--------+-----+--------+
         Total |   1672 |   1637 |     35 |     22 |   1460 |   3 |  557.3 |
       Dungeon |   1672 |   1637 |     35 |     22 |   1460 |   3 |  557.3 |
               +--------+--------+--------+--------+--------+-----+--------+

Top non-repeatable levels by time:
     D:2: 828 daAuts
     D:1: 791 daAuts
     D:3: 53 daAuts
